cohdb
Replays
Latest Replays
All Replays
Popular Replays
Top Player Replays
Match Explorer
How It Works
Community
CoH3 Stats
Reddit
Sign in to upload your games and track your stats! →
Sign in with Steam
Match 43794778
Unlisted
Match 43794778
Overview
Messages
Build Orders
End
Construct Section Command Post
Selects Canadian Shock Battlegroup
Selects Canadian Shock Battlegroup
Infantry Section
Infantry Section
Selects Attacking Spirit
Selects Canadian Shock Section
Canadian Shock Section
Construct Platoon Command Post
Canadian Shock Section
CMP 15cwt Truck
Unlock M3 Stuart Light Tanks
M3 Stuart Light Tank
M3 Stuart Light Tank
Selects Incendiary Munitions
Forward Retreat Point
M3 Stuart Light Tank
Selects Pyrotechnics
Grenade Package
Construct Company Command Post
Dog
BaTBaiLeyS
Halokoo
厚礼蟹
bluetooth
santielawad
Chiabex
Peso4nik
0
0
Comments
sign in to comment!
No comments posted yet!